 Dungeon Crawl Stone Soup version 0.29-a0-275-g389c0b56f3 (webtiles) character file.

Game seed: 2175805547536119161

9 sanka the Ducker (level 2, 29/29 HPs)
             Began as a Gnoll Monk on Mar 12, 2022.
             Was a Believer of Dithmenos.
             Quit the game on level 1 of the Dungeon.
             The game lasted 00:00:45 (865 turns).

sanka the Ducker (Gnoll Monk)                        Turns: 865, Time: 00:00:46

Health: 29/29      AC:  2    Str: 10    XL:     2   Next: 16%
Magic:  2/2        EV: 14    Int:  9    God:    Dithmenos [**....]
Gold:   72         SH:  0    Dex: 14    Spells: 1/1 levels left

rFire   . . .      SeeInvis .   a - +0 hand axe
rCold   . . .      Faith    .   (no shield)
rNeg    . . .      Spirit   .   b - +0 robe
rPois   .          Reflect  .   (no helmet)
rElec   .          Harm     .   (no cloak)
rCorr   .          Rampage  .   (no gloves)
Will    .....                   (no boots)
Stlth   +++.......              (no amulet)
HPRegen 0.09/turn               (no ring)
MPRegen 0.08/turn               (no ring)

@: wreathed by umbra
A: fangs 1, strong nose, distributed training
a: Renounce Religion, Shadow Step


You were on level 1 of the Dungeon.
You worshipped Dithmenos.
Dithmenos was pleased with you.
You visited 1 branch of the dungeon, and saw 1 of its levels.

You collected 72 gold pieces.


Innate Abilities, Weirdness & Mutations

You have very sharp teeth.
Your uncanny sense of smell can sniff out nearby items.
Your experience applies equally to all skills.


   Skills:
 + Level 6.4 Fighting
 + Level 0.3 Short Blades
 + Level 0.3 Long Blades
 + Level 6.4 Axes
 + Level 0.3 Maces & Flails
 + Level 0.3 Polearms
 + Level 0.3 Staves
 + Level 0.3 Slings
 + Level 0.3 Bows
 + Level 0.3 Crossbows
 + Level 0.3 Throwing
 + Level 0.3 Armour
 + Level 6.4 Dodging
 + Level 4.0 Stealth
 + Level 0.3 Shields
 + Level 0.3 Unarmed Combat
 + Level 0.3 Spellcasting
 + Level 0.2 Conjurations
 + Level 0.2 Hexes
 + Level 0.2 Summonings
 + Level 0.2 Necromancy
 + Level 0.2 Translocations
 + Level 0.2 Transmutations
 + Level 0.2 Fire Magic
 + Level 0.2 Ice Magic
 + Level 0.2 Air Magic
 + Level 0.2 Earth Magic
 + Level 0.2 Poison Magic
 + Level 0.4 Invocations
 + Level 0.3 Evocations


You had one spell level left.
You didn't know any spells.
Your spell library contained the following spells:

 Spells                   Type           Power      Damage    Failure   Level
 Olgreb's Toxic Radiance  Pois           0%         N/A       98%         4
 Ozocubu's Refrigeration  Ice            0%         4d5       100%        7
 Ignition                 Fire           0%         3d3       100%        8

Inventory:

Hand Weapons
 a - a +0 hand axe (weapon)
Armour
 b - a +0 robe (worn)
Scrolls
 d - 2 scrolls of identify {unknown}
 h - a scroll of teleportation {unknown}
Potions
 c - a potion of ambrosia
 e - a potion of resistance {unknown}
 f - 2 potions of flight {unknown}
 g - a potion of degeneration {unknown}

Dungeon Overview and Level Annotations

Branches:
Dungeon (1/15)

Altars:
Dithmenos

▒. ▒.▒▒▒.▒ ▒. ..▒
▒...... ▒. ..▒ ▒▒▒....
▒. ..▒ ▒▒... ▒.▒▒▒.▒▒
▒▒.▒ ▒▒...▒.▒ ▒.▒
▒8.⌠..▒ ▒.▒
▒▒▒▒▒▒..⌠.▒ ▒▒'▒
▒.▒8▒g▒...▒▒▒▒ ▒▒...
▒...▒∩▒8▒...▒ ▒▒...)
▒.⌠..▒▒▒....▒ ▒▒.....
▒..⌠.8▒.....▒▒▒......
▒.▒...▒........'......
▒..▒▒▒.......▒▒▒......
▒.▒ ▒.......▒ ▒▒.....
▒............▒ ▒▒....
▒ ▒▒▒▒▒▒▒.▒▒▒▒ ▒▒...


There were no monsters in sight!


Message History

A bat is nearby!
A bat is nearby!
Found 20 stones.
The helpless bat fails to defend itself.
You hit the bat.
The bat is heavily wounded.
The bat hits you.
You hit the bat.
You kill the bat!
No target in view!
You see here 20 stones.
You open the door.
There is an open door here.
You open the door.
There is an open door here.
You open the door.
Found a scroll labelled MOUROI BAPUC.
There is an open door here.
h - a scroll labelled MOUROI BAPUC
Found a faded altar of an unknown god.
There is an empty arch of ancient stone here.
Found 2 gold pieces.
Search for what [? for help]? altar
There is a faded altar of an unknown god here.
You cannot tell which god this altar belongs to.
Convert to them anyway?
Dithmenos accepts your prayer! Dithmenos welcomes you!
You are shrouded in an aura of darkness!
You can now step into the shadows of nearby creatures.
Are you sure you want to abandon this character and quit the game? (Confirm with "yes".)

Action                   || total
-------------------------++-------
Melee: Hand axe          ||    30
       Bite              ||     2
 Stab: Sleeping          ||     3
Armor: Robe              ||     7
Dodge: Dodged            ||    11

Levels and vault maps discovered:
D:1:      psy_arrival_fountain, layout_loops_corners,
          shapermc_ecumenical_altar_venn

Notes
Turn   | Place    | Note
-------+----------+-------------------------------------------
     0 | D:1      | sanka the Gnoll Monk began the quest for the Orb.
     0 | D:1      | Reached XP level 1. HP: 23/23 MP: 1/1
   467 | D:1      | Reached XP level 2. HP: 28/29 MP: 2/2
   856 | D:1      | Found a faded altar of an unknown god.
   864 | D:1      | Prayed at the altar of an unknown god.
   864 | D:1      | Became a worshipper of Dithmenos the Shadowed
   864 | D:1      | Reached * piety under Dithmenos
   864 | D:1      | Reached ** piety under Dithmenos
   865 | D:1      | Quit the game

Vanquished Creatures
  A bat (D:1)
  An endoplasm (D:1)
  A giant cockroach (D:1)
  A goblin (D:1)
  A hobgoblin (D:1)
  2 kobolds (D:1)
  2 rats (D:1)
9 creatures vanquished.
